 Dungeon Crawl Stone Soup version 0.29.1-14-g9c671dbff4 (webtiles) character file.

Game seed: 9465507698681061666

0 booth the Charlatan (level 1, 0/15 HPs)
             Began as a Demonspawn Artificer on Feb 12, 2023.
             Constricted to death by a ball python (1 damage)
             ... on level 1 of the Dungeon.
             The game lasted 00:03:03 (28 turns).

booth the Charlatan (Demonspawn Artificer)            Turns: 28, Time: 00:03:03

Health: 0/15       AC:  3    Str: 12    XL:     1   Next: 0%
Magic:  1/1        EV:  8    Int: 12    God:
Gold:   30         SH:  0    Dex: 13    Spells: 0/0 levels left

rFire   . . .      SeeInvis .   a - +0 club
rCold   . . .      Faith    .   (no shield)
rNeg    . . .      Spirit   .   b - +0 leather armour
rPois   .          Reflect  .   (no helmet)
rElec   .          Harm     .   (no cloak)
rCorr   .          Rampage  .   (no gloves)
Will    .....                   (no boots)
Stlth   +.........              (no amulet)
HPRegen 0.05/turn               (no ring)
MPRegen 0.07/turn               (no ring)

@: constricted
A: no striking features
a: no special abilities


You were on level 1 of the Dungeon.
You visited 1 branch of the dungeon, and saw 1 of its levels.

You collected 30 gold pieces.

Inventory:

Hand Weapons
 a - a +0 club (weapon)
Armour
 b - a +0 leather armour (worn)
Wands
 c - a wand of flame (14) (quivered)
 d - a wand of charming (15)
 e - a wand of iceblast (5)


   Skills:
 + Level 1.0 Fighting
 + Level 1.7 Armour
 + Level 0.8 Dodging
 + Level 0.8 Stealth
 + Level 3.0 Evocations


You couldn't memorise any spells.
You didn't know any spells.
Your spell library was empty.

Dungeon Overview and Level Annotations

Branches:
Dungeon (1/15)

Altars:


Message History

The ball python is moderately wounded.
The ball python closely misses you. The ball python grabs you.
The ball python constricts you. The ball python barely misses you.
You closely miss the ball python. The ball python bites you.
The ball python constricts you. The ball python barely misses you.
The ball python bites you but does no damage.
The ball python constricts you.
You barely miss the ball python. The ball python barely misses you.
The ball python bites you. The ball python constricts you.
The ball python bites you.
You barely miss the ball python. The ball python bites you.
The ball python constricts you. The ball python bites you. x2
* * * LOW HITPOINT WARNING * * *
The ball python constricts you.
You escape the ball python's grasp.
A kobold comes into view.
It is wielding a +2 vampiric short sword.
Found a stone staircase leading down.
The kobold shouts!
The ball python bites you.
* * * LOW HITPOINT WARNING * * *
The ball python grabs you. The ball python constricts you.
The ball python's grasp on you weakens, but your attempt to escape fails.
The ball python barely misses you. The ball python constricts you.
* * * LOW HITPOINT WARNING * * *
The ball python barely misses you.
The ball python bites you but does no damage.
The ball python constricts you.
Hit: a) +0 club
Press: ? - help, Dir - move target, f - ball python
Aim: a ball python (moderately wounded, about 47% to evade your +0 club)
Okay, then.
You aren't carrying any potions.
You aren't carrying any scrolls.
Aiming: Throw Flame
Press: ? - help, Q - select action, (/) - cycle Shift-Dir - straight line, f - ball python
Aim: a ball python (moderately wounded, 68% to hit)
The puff of flame hits the ball python.
You kill the ball python!
The ball python barely misses you. The ball python constricts you.
You die...

......................
......................
...................###
.##.........##.....#
#.........##.....#
#...8.8...##....##
####.<.#####...##
##### ##S########
#..@.......
###....K... #........
#........ #........
#........ .........
........>


You could see a ball python and a kobold.

Vanquished Creatures
  A ball python (D:1)
1 creature vanquished.

Notes
Turn   | Place    | Note
-------+----------+-------------------------------------------
     0 | D:1      | booth the Demonspawn Artificer began the quest for the Orb.
     0 | D:1      | Reached XP level 1. HP: 15/15 MP: 1/1
    28 | D:1      | Constricted to death by a ball python

Illustrated notes

Levels and vault maps discovered:
D:1:      mrwooster_arrival_statue, layout_rooms,
          shapermc_ecumenical_altar_mp_ritualfount,
          kennysheep_decorative_pillar, minmay_splitting_lines,
          dk_noncrumbling_4

Action                   || total
-------------------------++-------
Melee: Club              ||     4
Evoke: Wand              ||     1
Armor: Leather armour    ||     2
Dodge: Dodged            ||     7
